 Dungeon Crawl Stone Soup version 0.27.1-2-g3b301248ec (webtiles) character file.

Game seed: 2113840967963121229

189 pkoi the Skirmisher (level 5, -1/47 HPs)
             Began as a Minotaur Fighter on Sept 27, 2021.
             Slain by an orc warrior (5 damage)
             ... on level 4 of the Dungeon.
             The game lasted 00:03:28 (2913 turns).

pkoi the Skirmisher (Minotaur Fighter)              Turns: 2913, Time: 00:03:29

Health: -1/47      AC: 15    Str: 21    XL:     5   Next: 40%
Magic:  4/4        EV:  8    Int:  8    God:
Gold:   53         SH: 15    Dex: 10    Spells: 4/4 levels left

rFire    . . .     SeeInvis .   a - +1 flail
rCold    . . .     Faith    .   c - +1 kite shield
rNeg     . . .     Spirit   .   b - +0 scale mail
rPois    .         Reflect  +   g - +2 hat
rElec    .         Harm     .   p - +0 cloak
rCorr    .         Rampage  .   (no gloves)
Will     .....                  f - +0 pair of boots
Stlth    ..........             m - amulet of Jounim {Reflect Int+3 SH+5}
HPRegen  0.15/turn              h - +4 ring of protection
MPRegen  0.09/turn              (no ring)

@: no status effects
A: horns 2, retaliatory headbutt
a: no special abilities


You were on level 4 of the Dungeon.
You visited 1 branch of the dungeon, and saw 4 of its levels.

You collected 53 gold pieces.

Inventory:

Hand Weapons
 a - a +1 flail (weapon)
 o - a +1 dagger of venom
Missiles
 n - 10 poisoned darts (quivered)
Armour
 b - a +0 scale mail (worn)
 c - a +1 kite shield (worn)
 f - a +0 pair of boots (worn)
 g - a +2 hat (worn)
 p - a +0 cloak (worn)
Jewellery
 h - a +4 ring of protection (left hand)
 m - the amulet of Jounim (around neck) {Reflect Int+3 SH+5}
   (You acquired it on level 1 of the Dungeon)

   [amulet of reflection]

   It reflects blocked missile attacks.
   Int:       It affects your intelligence (+3).
   SH:        It affects your SH (+5).
Scrolls
 e - a scroll of identify
 t - a scroll of amnesia {unknown}
Potions
 d - 2 potions of might
 i - 2 potions of brilliance {unknown}
 j - 2 potions of curing {unknown}
 k - 2 potions of lignification
 l - a potion of berserk rage {unknown}
 q - a potion of heal wounds {unknown}
 r - a potion of attraction {unknown}
 s - a potion of mutation {unknown}


   Skills:
 + Level 4.5 Fighting
 * Level 4.1 Maces & Flails
 + Level 1.1 Throwing
 + Level 4.3 Armour
 + Level 2.0 Dodging
 + Level 4.4 Shields


You had 4 spell levels left.
You didn't know any spells.
Your spell library contained the following spells:

 Spells                   Type           Power      Damage    Failure   Level
 Sublimation of Blood     Necr           0%         N/A       100%        2
 Gell's Gravitas          Tloc           0%         N/A       100%        3
 Lesser Beckoning         Tloc           0%         N/A       100%        3
 Teleport Other           Tloc           0%         N/A       100%        3
 Petrify                  Tmut/Erth      0%         N/A       100%        4
 Irradiate                Conj/Tmut      0%         3d13      100%        5


Dungeon Overview and Level Annotations

Branches:
Dungeon (4/15)
 Temple: D:4-7

Altars:
Ashenzari

Shops:
D:3 =


Innate Abilities, Weirdness & Mutations

You have a pair of horns on your head.
You reflexively headbutt those who attack you in melee.


Message History

Reactivating autopickup.
The orc wizard mumbles some strange words.
The orc wizard flickers and vanishes!
Deactivating autopickup; reactivate with Ctrl-A.
You see here a +0 club.
You see here a hound corpse.
An orc comes into view. It is wielding a +0 hand axe.
The orc shouts!
You sock the orc!
You kill the orc!
The orc warrior hits you with a +2 battleaxe of flaming.
* * * LOW HITPOINT WARNING * * *
The orc warrior burns you.
* * * LOW HITPOINT WARNING * * *
Things that are here:
a +0 hand axe; a +0 leather armour; an orc corpse Throw: 13 darts (poison)
Press: ? - help, Q - select action Shift-Dir - straight line, f - orc warrior
Aim: an orc warrior, wielding a +2 battleaxe of flaming and wearing a +0 chain mail (lightly wounded, 53% to hit)
You throw a poisoned dart.
The poisoned dart barely misses the orc warrior.
The orc warrior barely misses you.
Throw: 12 darts (poison)
Press: ? - help, Q - select action Shift-Dir - straight line, f/p - orc warrior
Aim: an orc warrior, wielding a +2 battleaxe of flaming and wearing a +0 chain mail (lightly wounded, 53% to hit)
You throw a poisoned dart. The poisoned dart hits the orc warrior.
The orc warrior is lightly wounded.
You block the orc warrior's attack.
Unknown command.
Throw: 11 darts (poison)
Press: ? - help, Q - select action Shift-Dir - straight line, f/p - orc warrior
Aim: an orc warrior, wielding a +2 battleaxe of flaming and wearing a +0 chain mail (lightly wounded, 53% to hit)
You throw a poisoned dart.
The poisoned dart barely misses the orc warrior.
The orc warrior hits you with a +2 battleaxe of flaming!
* * * LOW HITPOINT WARNING * * *
The orc warrior burns you.
* * * LOW HITPOINT WARNING * * *
The orc warrior hits you with a +2 battleaxe of flaming.
You die...

#.......†.....#
#
#..#..........#
#.##########
#........
#..###.#.
#..###.#
#......# #
#.######.#
#(.o.o@..#
##########


You could see an orc warrior and an orc.

Vanquished Creatures
  A hound (D:4)
  Robin (D:2)
  5 gnolls
  3 adders (D:2)
  A worm (D:2)
  2 dart slugs
  2 orcs
  3 bats (D:1)
  5 endoplasms
  A giant cockroach (D:2)
  17 goblins
  5 hobgoblins
  2 jackals (D:2)
  A quokka (D:3)
  4 ball pythons
  4 frilled lizards
  4 kobolds
  6 rats
67 creatures vanquished.

Vanquished Creatures (others)
  A plant (D:1)
1 creature vanquished.

Grand Total: 68 creatures vanquished

Notes
Turn   | Place    | Note
-------+----------+-------------------------------------------
     0 | D:1      | pkoi the Minotaur Fighter began the quest for the Orb.
     0 | D:1      | Reached XP level 1. HP: 19/19 MP: 0/0
    33 | D:1      | Reached XP level 2. HP: 27/27 MP: 1/1
   691 | D:1      | Reached XP level 3. HP: 33/33 MP: 2/2
   691 | D:1      | Identified a scroll of acquirement
   691 | D:1      | Acquired the amulet of Jounim {Reflect Int+3 SH+5}
   975 | D:2      | Reached skill level 1 in Dodging
  1116 | D:2      | Noticed Robin
  1308 | D:2      | Killed Robin
  1309 | D:2      | Reached XP level 4. HP: 34/38 MP: 3/3
  2052 | D:3      | Found Boymoczi's Jewellery Shoppe.
  2087 | D:2      | Reached XP level 5. HP: 22/47 MP: 4/4
  2258 | D:3      | Reached skill level 1 in Throwing
  2771 | D:4      | Found a broken altar of Ashenzari.
  2849 | D:4      | Noticed an orc warrior
  2913 | D:4      | Slain by an orc warrior

Illustrated notes

Levels and vault maps discovered:
D:1:      kennysheep_arrival_seaside, layout_loops_corners,
          hangedman_decor_growths
D:2:      layout_rooms, uniq_robin
D:3:      layout_basic, serial_shops, shop
D:4:      layout_basic, nicolae_gozag_cash_rules_everything_around_me,
          ashenzari_conservatory_becter, mainiacjoe_overflow_boulevard,
          mainiacjoe_overflow_large_starburst, uniq_grinder

Skill      XL: |  1  2  3  4  5 |
---------------+----------------+-----
Maces & Flails | 3 4 |  4.1
Dodging        | 1 2 |  2.0
Fighting       | 4 |  4.5
Armour         | 4 |  4.3
Shields        | 4 |  4.4
Throwing       | 1 |  1.1

Action                   |  1- 3 |  4- 6 || total
-------------------------+-------+-------++-------
Melee: Flail             |    86 |    93 ||   179
       Headbutt          |    13 |    15 ||    28
Throw: Dart              |       |     3 ||     3
  Use: Scroll            |     6 |     2 ||     8
Armor: Scale mail        |    42 |    35 ||    77
Dodge: Dodged            |    16 |    25 ||    41
Block: Kite shield       |    82 |    84 ||   166
